 Dungeon Crawl Stone Soup version 0.23.0-3-gf3c87f2 (webtiles) character file.

Game seed: 10853497858669030354

1073 Scud the Grave Robber (level 8, -3/56 HPs)
             Began as a Vampire Necromancer on Feb 20, 2019.
             Slain by a gnoll
             ... wielding a +0 spear
              (8 damage)
             ... on level 6 of the Dungeon.
             The game lasted 00:34:23 (5981 turns).

Scud the Grave Robber (Vampire Necromancer)         Turns: 5981, Time: 00:34:24

Health: -3/56      AC:  4    Str:  7    XL:     8   Next: 7%
Magic:  3/16       EV: 13    Int: 19    God:
Gold:   185        SH:  0    Dex: 15    Spells: 11/18 levels left

rFire    . . .     SeeInvis +   j - +2 dagger (venom)
rCold    . . .     Gourm    .   (no shield)
rNeg     + . .     Faith    .   h - +2 robe {MR+}
rPois    .         Spirit   .   (helmet restricted)
rElec    .         Reflect  .   (no cloak)
rCorr    .         Harm     .   (no gloves)
MR       +....                  (no boots)
Stlth    +++.......             (no amulet)
HPRegen  0.18/turn              (no ring)
MPRegen  0.15/turn              (no ring)

@: very slightly contaminated
A: rotting body, fangs 3, horns 2, see invisible, unbreathing
a: Bat Form


You were on level 6 of the Dungeon.
You were not thirsty.

You visited 2 branches of the dungeon, and saw 8 of its levels.

You collected 185 gold pieces.

Inventory:

Hand Weapons
 j - a +2 dagger of venom (weapon)
Armour
 h - a +2 robe of magic resistance (worn)
Wands
 e - a wand of polymorph (6)
 k - a wand of paralysis (9)
Scrolls
 b - 2 scrolls of identify
 d - a scroll of enchant armour
 f - a scroll of fear
 g - a scroll of teleportation
Potions
 c - 13 potions of blood


   Skills:
 + Level 1.8 Fighting
 + Level 3.1 Short Blades
 + Level 3.2 Dodging
 + Level 4.5 Stealth
 + Level 0.6 Unarmed Combat
 + Level 5.6 Spellcasting
 + Level 0.2 Charms
 + Level 7.4 Necromancy


You had 11 spell levels left.
You knew the following spells:

 Your Spells              Type           Power        Failure   Level  Hunger
a - Pain                  Necr           ####         1%          1    None
b - Vampiric Draining     Necr           ####......   1%          3    ##.....
c - Regeneration          Chrm/Necr      ###.......   8%          3    ##.....

Your spell library contained the following spells:

 Spells                   Type           Power        Failure   Level  Hunger
 Animate Skeleton         Necr           N/A          1%          1    None
 Animate Dead             Necr           N/A          5%          4    ####...


Dungeon Overview and Level Annotations

Branches:
Dungeon (8/15)             Temple (1/1) D:4
   Lair: D:8-11

Altars:
Makhleb
Nemelex Xobeh
Trog

Annotations:
D:4 1 runed translucent door, Crazy Yiuf


Innate Abilities, Weirdness & Mutations

Your body is rotting away.
You thrive on raw meat.
You have razor-sharp teeth.
You have supernaturally acute eyesight. (SInv)
You can survive without breathing.
You have a pair of horns on your head.


Message History

Press: ? - help, Shift-Dir - straight line, f/p - gnoll
Aim: a gnoll, wielding a +0 spear (severely wounded, chance to defeat MR: 89%)
The gnoll writhes in agony.
The gnoll closely misses you.
Casting: Pain (safe; 1% risk of failure)
Confirm with . or Enter, or press ? or * to list all spells.
Aiming: Pain (safe; 1% risk of failure)
Press: ? - help, Shift-Dir - straight line, f/p - gnoll
Aim: a gnoll, wielding a +0 spear (severely wounded, chance to defeat MR: 89%)
You miscast Pain.
Strange energies run through your body.
A hound comes into view.
The gnoll hits you from afar with a +0 spear!
* * * LOW HITPOINT WARNING * * *
Casting: Pain (safe; 1% risk of failure)
Confirm with . or Enter, or press ? or * to list all spells.
Aiming: Pain (safe; 1% risk of failure)
Press: ? - help, Shift-Dir - straight line, f/p - gnoll
Aim: a gnoll, wielding a +0 spear (severely wounded, chance to defeat MR: 89%)
The gnoll barely resists.
The gnoll hits you but does no damage.
The gnoll hits you from afar with a +0 spear!
You die...

####.......h..
...'...........
####............####
#...#...........†..#
#.#.#.####.....)##.#
#.#.#.# ..... #.#
#.#.#.# #### #.#
#.#.#.# ######g#
#.#.#.# #...@..#
#.#.#.# #.######
......# #.#....#
#.#.#########.#.##.#
.................#.#
.##.#########.#..#.#
.##.# #.####.# ###p#
#..<...# #.#
########


You could see a gnoll.

Vanquished Creatures
  Pikel (D:6)
  Eustachio (D:4)
  A slave (D:6)
  Blork the orc (D:4)
  A crimson imp (D:3)
  An orc priest (D:4)
  An iguana (D:4)
  An orc wizard (D:4)
  2 worker ants
  11 gnolls
  An adder (D:2)
  An adder skeleton (D:4)
  3 worms
  2 dart slugs
  A leopard gecko (D:1)
  20 orcs
  5 ball pythons
  6 bats
  3 giant cockroaches
  9 goblins
  5 hobgoblins
  6 jackals
  4 kobolds
  A quokka (D:2)
  9 frilled lizards
  A leopard gecko skeleton (D:6)
  A quokka skeleton (D:3)
  2 rats (D:2)
101 creatures vanquished.

Vanquished Creatures (others)
  A bullfrog (D:6)
1 creature vanquished.

Grand Total: 102 creatures vanquished

Notes
Turn   | Place    | Note
-------+----------+-------------------------------------------
     0 | D:1      | Scud the Vampire Necromancer began the quest for the Orb.
     0 | D:1      | Reached XP level 1. HP: 13/13 MP: 3/3
   129 | D:1      | Reached XP level 2. HP: 9/19 MP: 0/5
   667 | D:1      | Reached skill level 5 in Necromancy
  1137 | D:2      | Reached XP level 3. HP: 24/24 MP: 4/6
  1788 | D:2      | Reached XP level 4. HP: 26/30 MP: 2/8
  1842 | D:2      | Gained mutation: You have a pair of small horns on your
                  | head. [potion of mutation]
  1842 | D:2      | Gained mutation: You have a pair of horns on your head.
                  | [potion of mutation]
  3047 | D:3      | Found a sparkling altar of Nemelex Xobeh.
  3048 | D:3      | Found a bloodstained altar of Trog.
  3253 | D:3      | Reached XP level 5. HP: 31/35 MP: 5/9
  3663 | D:3      | Learned a level 3 spell: Vampiric Draining
  3896 | D:3      | Found a burning altar of Makhleb.
  3906 | D:3      | Reached skill level 1 in Short Blades
  4079 | D:4      | Reached skill level 6 in Necromancy
  4246 | D:4      | Noticed Blork the orc
  4254 | D:4      | Killed Blork the orc
  4254 | D:4      | Reached XP level 6. HP: 28/41 MP: 1/11
  4357 | D:4      | Found a runed translucent door.
  4358 | D:4      | Noticed Crazy Yiuf
  4397 | D:4      | Noticed Eustachio
  4415 | D:4      | Killed Eustachio
  5011 | D:4      | Found a staircase to the Ecumenical Temple.
  5020 | Temple   | Entered the Ecumenical Temple
  5049 | Temple   | Reached skill level 1 in Fighting
  5056 | Temple   | Learned a level 3 spell: Regeneration
  5267 | D:4      | Reached XP level 7. HP: 47/48 MP: 10/13
  5340 | D:4      | You fall through a shaft for 3 floors!
  5768 | D:6      | Noticed Pikel
  5778 | D:6      | Killed Pikel
  5778 | D:6      | Reached skill level 5 in Spellcasting
  5778 | D:6      | Reached skill level 7 in Necromancy
  5778 | D:6      | Reached XP level 8. HP: 7/56 MP: 1/16
  5981 | D:6      | Slain by a gnoll

Skill      XL: |  1  2  3  4  5  6  7 |
---------------+----------------------+-----
Necromancy     | 5 6 7 |  7.4
Spellcasting   | 3 4 5 |  5.6
Short Blades   | 1 2 3 |  3.1
Fighting       | 1 |  1.8
Stealth        | 4 |  4.5
Dodging        | 3 |  3.2
Unarmed Combat | |  0.6
Charms         | |  0.2

Action                   |  1- 3 |  4- 6 |  7- 9 || total
-------------------------+-------+-------+-------++-------
Melee: Unarmed           |    12 |    15 |       ||    27
       Bite              |     2 |    11 |     3 ||    16
       Dagger            |    12 |    69 |    40 ||   121
       Headbutt          |       |     9 |     4 ||    13
 Cast: Pain              |    68 |    78 |    24 ||   170
       Vampiric Draining |       |     5 |     4 ||     9
       Regeneration      |       |     1 |       ||     1
 Abil: End Transformatio |       |     1 |       ||     1
       Bat Form          |       |     1 |       ||     1
  Use: Potion            |     3 |    16 |       ||    19
       Scroll            |       |    10 |       ||    10
 Stab: Sleeping          |       |     1 |     1 ||     2
Armor: Robe              |     3 |     5 |     8 ||    16
Dodge: Dodged            |    26 |   100 |    33 ||   159
